 Dungeon Crawl Stone Soup version 0.29-a0-925-g0a7a3d12f8 (webtiles) character file.

Game seed: 18079538072790632465

178 Newt the Covered (level 5, -1/43 HPs)
             Began as a Barachi Fighter on July 28, 2022.
             Killed from afar by an orc wizard (9 damage)
             ... with a puff of flame
             ... on level 2 of the Dungeon.
             The game lasted 00:04:37 (1817 turns).

Newt the Covered (Barachi Fighter)                  Turns: 1817, Time: 00:04:38

Health: -1/43      AC:  7    Str: 19    XL:     5   Next: 58%
Magic:  5/5        EV:  9    Int:  8    God:
Gold:   71         SH:  5    Dex: 12    Spells: 4/4 levels left

rFire   . . .      SeeInvis .   a - +0 long sword
rCold   . . .      Faith    +   c - +0 buckler
rNeg    . . .      Spirit   .   b - +0 scale mail
rPois   .          Reflect  .   (no helmet)
rElec   .          Harm     .   (no cloak)
rCorr   .          Rampage  .   (no gloves)
Will    .....                   (no boots)
Stlth   ..........              i - amulet of faith
HPRegen 0.14/turn               (no ring)
MPRegen 0.09/turn               (no ring)

@: slow
A: amphibious, slowness 1, strong legs 1, +LOS
a: Hop


You were on level 2 of the Dungeon.
You visited 1 branch of the dungeon, and saw 3 of its levels.

You collected 71 gold pieces.

Inventory:

Hand Weapons
 a - a +0 long sword (weapon)
Armour
 b - a +0 scale mail (worn)
 c - a +0 buckler (worn)
Jewellery
 i - an amulet of faith (around neck)
Scrolls
 d - a scroll of torment {unknown}
 e - a scroll of vulnerability {unknown}
 j - a scroll of noise {unknown}
Potions
 f - a potion of degeneration (quivered)
 g - 2 potions of curing
 h - 2 potions of flight


   Skills:
 + Level 4.5 Fighting
 + Level 4.5 Long Blades
 + Level 4.7 Armour
 - Level 1.0 Dodging
 - Level 0.1 Stealth
 + Level 3.8 Shields


You had 4 spell levels left.
You didn't know any spells.
Your spell library contained the following spells:

 Spells                   Type           Power      Damage    Failure   Level
 Confusing Touch          Hex            0%         N/A       99%         3
 Yara's Violent Unravell  Hex/Tmut       0%         3d3       100%        5
 Enfeeble                 Hex            0%         N/A       100%        7


Dungeon Overview and Level Annotations

Branches:
Dungeon (3/15)

Altars:


Innate Abilities, Weirdness & Mutations

You are amphibious.
You cover ground slowly.
You can hop short distances.
You have an extended range of vision and can be seen from far away.


Message History

The orc shouts! x2; You hear a shout!
Found a robe and a flail.
There is a stone staircase leading up here.
An orc priest comes into view. It is wielding a +0 dagger.
The dart slug barely misses you.
You see here a +0 robe.
You hit the dart slug but do no damage. The dart slug barely misses you.
You hit the dart slug.
The dart slug is moderately wounded.
The dart slug bites you but does no damage.
You hit the dart slug but do no damage.
The dart slug is moderately wounded.
An orc wizard comes into view. It is wielding a +0 dagger.
The orc priest mumbles some strange prayers to Beogh against you.
Beogh smites you! The dart slug barely misses you.
You hit the dart slug.
The dart slug is heavily wounded.
The dart slug launches a dart at you.
The slug dart hits you but does no damage.
You hit the dart slug but do no damage.
The dart slug is heavily wounded.
You block the dart slug's attack.
The orc priest calls down the wrath of Beogh upon you.
Beogh smites you!
There is a stone staircase leading up here.
The orc wizard closely misses you.
The orc priest calls down the wrath of Beogh upon you.
Beogh smites you!
* * * LOW HITPOINT WARNING * * *
You climb upwards.
There is a stone staircase leading down here.
You hit the orc priest but do no damage.
The orc wizard hits you but does no damage.
You block the orc priest's attack. The orc wizard closely misses you.
You slash the orc priest!
The orc priest is heavily wounded.
The orc priest closely misses you.
The orc wizard gestures at you while chanting.
The puff of flame hits you!
You die...

##.....#....................
#..(.....########..#######..
#.......## ###'#### #.. #.<.....#
##......####.. #### ##.....##
##.........#### ..<# ##.....##
####...........##. ...# #.......#
#..#............#. ...#
#.......###.##....#####...## ...#
#.......#..@.#...8....#....#
...###......##.o.o#....#.8.#....#
>..#...#....##....#....#....8...#
...#)####.#.......##...#####....#
.....# #.####.....#............#
....## #.# #.....##...........#
....# #.# #......##.........##
#..)# #.# #...#######......##.
#†#.# #.# #...#####.####'#####


You could see an orc priest and an orc wizard.

Vanquished Creatures
  Jessica (D:2)
  Natasha (thrice) (D:2)
  Robin (D:2)
  An adder (D:2)
  2 worms (D:2)
  4 ball pythons
  A bat (D:1)
  2 endoplasms
  2 giant cockroaches (D:1)
  10 goblins
  7 hobgoblins
  4 jackals (D:1)
  6 kobolds
  A quokka (D:2)
  3 frilled lizards (D:2)
  4 rats
52 creatures vanquished.

Notes
Turn   | Place    | Note
-------+----------+-------------------------------------------
     0 | D:1      | Newt the Barachi Fighter began the quest for the Orb.
     0 | D:1      | Reached XP level 1. HP: 18/18 MP: 1/1
    68 | D:1      | Reached XP level 2. HP: 13/25 MP: 2/2
   569 | D:1      | Found a faded altar of an unknown god.
   691 | D:2      | Reached XP level 3. HP: 30/30 MP: 3/3
   698 | D:2      | Noticed Jessica
   719 | D:2      | Killed Jessica
   853 | D:2      | Reached XP level 4. HP: 20/37 MP: 4/4
   868 | D:2      | Noticed Robin
   876 | D:2      | Killed Robin
  1262 | D:2      | Noticed Natasha
  1274 | D:2      | Killed Natasha
  1275 | D:2      | Reached XP level 5. HP: 18/43 MP: 5/5
  1468 | D:2      | Noticed Natasha
  1475 | D:2      | Killed Natasha
  1476 | D:2      | Reached skill level 1 in Dodging
  1569 | D:2      | Noticed Natasha
  1584 | D:2      | Killed Natasha
  1817 | D:2      | Killed from afar by an orc wizard

Illustrated notes

Levels and vault maps discovered:
D:1:      ncdulo_watergridlock, layout_rooms,
          shapermc_ecumenical_altar_mp_highgroup
D:2:      layout_rooms, kennysheep_potato, uniq_jessica, uniq_robin,
          uniq_natasha
D:3:      layout_rooms, kennysheep_boxes

Skill      XL: |  1  2  3  4  5 |
---------------+----------------+-----
Fighting       | 4 |  4.5
Armour         | 4 |  4.7
Long Blades    | 3 4 |  4.5
Dodging        | 1 |  1.0
Stealth        | |  0.1
Shields        | |  3.8

Action                   |  1- 3 |  4- 6 || total
-------------------------+-------+-------++-------
Melee: Long sword        |    87 |    84 ||   171
  Use: Scroll            |     2 |     1 ||     3
       Potion            |       |     1 ||     1
Armor: Scale mail        |    54 |    26 ||    80
Dodge: Dodged            |    74 |    31 ||   105
Block: Buckler           |    20 |    16 ||    36

Table legend: (Time is in decaauts)
 A = Elapsed time spent in this place.
 B = Non-inter-level travel time spent in this place.
 C = Inter-level travel time spent in this place.
 D = Time resting spent in this place.
 E = Time spent auto-exploring this place.
 F = Levels seen in this place.
 G = Mean time per level.
                   A        B        C        D        E       F      G
               +--------+--------+--------+--------+--------+-----+--------+
         Total |   2014 |   1926 |     88 |    335 |   1173 |   3 |  671.3 |
       Dungeon |   2014 |   1926 |     88 |    335 |   1173 |   3 |  671.3 |
               +--------+--------+--------+--------+--------+-----+--------+

Top non-repeatable levels by time:
     D:2: 1226 daAuts
     D:1: 775 daAuts
     D:3: 12 daAuts
